 Dungeon Crawl Stone Soup version 0.31.0-12-g77e489cdc1 (webtiles) character file.

Game seed: 11034180003351112858

366 Buffagor the Insei (level 6, -8/43 HPs)
             Began as a Merfolk Shapeshifter on Feb 17, 2024.
             Shot with an arrow by a centaur (13 damage)
             ... on level 5 of the Dungeon.
             The game lasted 00:10:10 (4067 turns).

Buffagor the Insei (Merfolk Shapeshifter)           Turns: 4067, Time: 00:10:11

Health: -8/43      AC:  4    Str: 15    XL:     6   Next: 68%
Magic:  6/6        EV: 12    Int:  9    God:
Gold:   261        SH:  0    Dex: 15    Spells: 5/5 levels left

rFire   + . .        b - +0 sling
rCold   . . .        (no shield)
rNeg    . . .        x - +2 robe {rF+}
rPois   .            v - melded +0 helmet
rElec   .            r - melded +0 cloak
rCorr   .            (gloves currently unavailable)
SInv    .            p - melded +0 pair of boots
Will    .....        (no amulet)
Stlth   +            (no ring)
HPRegen 0.27/turn    (no ring)
MPRegen 0.10/turn

%: no passive effects
@: beast-form
A: beast (slay +3), (nimble swimmer 2), mertail
a: Begin Untransformation


You were on level 5 of the Dungeon.
You were a hulking beast.
You visited 1 branch of the dungeon, and saw 5 of its levels.

You collected 261 gold pieces.

Inventory:

Hand Weapons
 b - a +0 sling (weapon)
Missiles
 q - a throwing net
Armour
 a - a +0 animal skin
 p - a +0 pair of boots (melded)
 r - a +0 cloak (melded)
 v - a +0 helmet (melded)
 x - a +2 robe of fire resistance (worn)
Talismans
 c - a beast talisman (active)
 d - a flux talisman
Scrolls
 e - 3 scrolls of teleportation {unknown}
 f - 3 scrolls of butterflies {unknown}
 i - 2 scrolls of vulnerability {unknown}
 j - 2 scrolls of enchant weapon {unknown}
 k - 2 scrolls of fog {unknown}
 n - a scroll of poison {unknown}
 o - 2 scrolls of identify {unknown}
 s - a scroll of silence {unknown}
 u - 2 scrolls of amnesia {unknown}
 w - a scroll of acquirement {unknown}
Potions
 g - 2 potions of haste {unknown}
 h - 3 potions of curing {unknown}
 l - 2 potions of brilliance {unknown}
 m - 2 potions of berserk rage {unknown}
 t - a potion of lignification


   Skills:
 - Level 1.1 Fighting
 - Level 2.6 Dodging
 * Level 6.8 Unarmed Combat
 + Level 6.1 Shapeshifting


You had 5 spell levels left.
You didn't know any spells.
Your spell library contained the following spells:

 Spells                   Type           Power      Damage    Failure   Level
 Hailstorm                Conj/Ice       0%         3d5       77%         3
 Summon Ice Beast         Ice/Summ       0%         N/A       77%         3
 Sculpt Simulacrum        Ice/Alch       0%         N/A       100%        6


Dungeon Overview and Level Annotations

Branches:
Dungeon (5/15)
 Temple: D:4-7

Altars:

Shops:
D:2 ?   D:3 [:   D:4 *


Innate Abilities, Weirdness & Mutations

You are a hulking beast.
Your limbs bulge with bestial killing power. (Slay +3)
((You are very nimble when in or above water. (Stealth+, EV+, Speed+++)))
Your lower body shifts to a powerful aquatic tail in water.


Message History

A white imp comes into view.
The white imp shouts!
A white imp is nearby!
You shoot a sling bullet. The sling bullet hits the white imp!
The white imp is severely wounded.
You shoot a sling bullet.
The sling bullet hits the white imp but does no damage.
The white imp is severely wounded.
The white imp gestures at you. The puff of frost misses you.
You shoot a sling bullet.
The sling bullet closely misses the white imp.
The white imp gestures at you. The puff of frost hits you.
You shoot a sling bullet.
The sling bullet barely misses the white imp.
The white imp gestures at you. The puff of frost hits you.
You shoot a sling bullet. The sling bullet hits the white imp.
You kill the white imp!
HP restored.
You open the door.
A centaur comes into view.
The centaur wields a +0 orcbow.
The centaur shoots an arrow.
The arrow closely misses you.
You shoot a sling bullet.
The sling bullet hits the centaur but does no damage.
The centaur shoots an arrow.
The arrow hits you!
The centaur shoots an arrow.
The arrow closely misses you.
You shoot a sling bullet.
The sling bullet closely misses the centaur.
The centaur shoots an arrow.
The arrow completely misses you.
You shoot a sling bullet. The sling bullet hits the centaur.
The centaur is lightly wounded.
The centaur shoots an arrow.
The arrow hits you!
The centaur shoots an arrow.
The arrow hits you!
* * * LOW HITPOINT WARNING * * *
You are too injured to fight recklessly!
The centaur shoots an arrow.
The arrow hits you!
You die...

....# #.#.#
.... #.#.#
.... #.#.#
...c. #.#.#
.....
#.#.#......
#.#.#......
#...'......
#####h#......
#.....# ..###
#.###.# ##
#...# #.#.#
...#.#
#######.#
#......<#
#.#######


You could see a centaur.

Vanquished Creatures
  Blork the orc (D:4)
  A scorpion (D:4)
  2 iguanas (D:4)
  3 gnolls (D:2)
  6 adders
  A white imp (D:5)
  4 dart slugs
  A ribbon worm (D:2)
  4 orcs (D:3)
  7 ball pythons
  7 bats
  8 endoplasms
  3 giant cockroaches
  5 goblins
  12 hobgoblins
  4 jackals (D:2)
  4 kobolds
  3 quokkas
  3 frilled lizards
  4 rats
83 creatures vanquished.

Notes
Turn   | Place    | Note
-------+----------+-------------------------------------------
     0 | D:1      | Buffagor the Merfolk Shapeshifter began the quest for the
                  | Orb.
     0 | D:1      | Reached XP level 1. HP: 15/15 MP: 1/1
    78 | D:1      | Reached XP level 2. HP: 13/21 MP: 2/2
   476 | D:1      | Reached XP level 3. HP: 26/26 MP: 3/3
  1434 | D:2      | Reached XP level 4. HP: 16/32 MP: 4/4
  1684 | D:2      | Found Keoxetwi's Magic Scroll Shop.
  1989 | D:2      | Reached skill level 5 in Unarmed Combat
  2240 | D:2      | Reached skill level 5 in Shapeshifting
  2634 | D:3      | Reached XP level 5. HP: 37/37 MP: 5/5
  2651 | D:3      | Found Poab's Antique Armour Emporium.
  2721 | D:3      | Found the +8 trident of the Octopus King {venom, rElec
                  | rPois}
  2737 | D:3      | Found Jeqynuga's Book Boutique.
  3288 | D:4      | Found Jozinosk's Overcharged Wands.
  3332 | D:4      | Reached XP level 6. HP: 40/43 MP: 6/6
  3617 | D:4      | Noticed Blork the orc
  3629 | D:4      | Killed Blork the orc
  4022 | D:5      | Entered Level 5 of the Dungeon
  4067 | D:5      | Shot with an arrow by a centaur

Illustrated notes

Levels and vault maps discovered:
D:1:      dpeg_arrival_rooms_c, layout_basic
D:2:      layout_loops_ring, serial_shops, nicolae_shop_crystal,
          minmay_hedge_maze, minmay_indecisive_spiral
D:3:      layout_rooms, serial_shops, nicolae_shop_pleasant_corner_grove, shop
D:4:      layout_basic, nicolae_shop_overcharged_wands, uniq_blork_the_orc
D:5:      layout_basic, grunt_gozag_breadcrumbs, minmay_quadrilaterals

Skill      XL: |  1  2  3  4  5  6 |
---------------+-------------------+-----
Unarmed Combat | 4 5 6 |  6.8
Shapeshifting  | 5 6 |  6.1
Fighting       | |  1.1
Dodging        | |  2.6

Action                     |  1- 3 |  4- 6 || total
---------------------------+-------+-------++-------
  Melee: Unarmed           |   201 |   193 ||   394
         Punch             |     9 |    11 ||    20
   Fire: Sling             |       |    70 ||    70
Ability: Begin Untransform |       |     1 ||     1
    Use: Potion            |       |     1 ||     1
   Stab: Distracted        |     1 |       ||     1
         Sleeping          |     1 |     1 ||     2
 Armour: Animal skin       |    39 |    57 ||    96
         Robe              |       |     6 ||     6
         Skin              |       |     2 ||     2
  Dodge: Dodged            |    82 |    55 ||   137
   Form: Beast             |       |     1 ||     1
